Map: Abyssal Reef LE

Players

Pelden

  • Race: Zerg Zerg
  • Spawn Location: 5:00

Loken - Winner!

  • Race: Protoss Protoss
  • League: Platinum
  • Spawn Location: 11:00

VOD

Have the link to the VOD?

Description

Time

  • Played on: April 7, 2017, 2:45 p.m.
  • Length: 5:34
Show
View Real Time Build Order
Export as new Build Order

Pelden Zerg 

Build Orders: Hatch First 

Get SALT Encoding   

  12  0:01  Drone  
  13  0:12  Overlord  
  13  0:17  Drone  
  14  0:24  Extractor  
  14  0:25  Drone  
  15  0:31  Drone  
  16  0:39  Drone  
  17  0:55  Hatchery  
  17  0:57  Drone  
  17  1:00  Drone  
  18  1:14  Spawning Pool  
  18  1:17  Drone  
  18  1:25  Extractor  
  17  1:26  Drone  
  17  1:29  Overlord  
  18  1:39  Drone  
  19  1:58  Drone  
  19  2:01  Queen  
  20  2:06  Drone  
  25  2:14  Drone  
  25  2:15  Drone  
  27  2:22  Drone, Roach Warren  
  28  2:26  Drone  
  28  2:28  Zergling x2  
  27  2:35  Zergling x2  
  28  2:42  Zergling x2  
  27  2:51  Zergling x2  
  27  2:56  Zergling x4  
  26  3:05  Zergling x2  
  26  3:06  Zergling x2  
  26  3:16  Zergling x2  
  26  3:19  Drone  
  26  3:44  Overlord  
  26  3:49  Hatchery  
  26  3:55  Roach x3  
  29  3:56  Overlord  
  29  4:00  Drone  
  29  4:01  Extractor  
  27  4:13  Roach x2  
  31  4:23  Roach x3  
  37  4:32  Lair  
  37  4:33  Drone  
  38  4:39  Roach  
  40  4:53  Roach x2  
  40  4:54  Drone  
  40  4:55  Overlord  
  45  5:01  Drone  
  46  5:09  Drone  
Show
View Real Time Build Order
Export as new Build Order

Loken Protoss - Winner!

Build Orders: 1 Gate Expand 

Get SALT Encoding   

  12  0:01  Probe (Chrono Boost)  
  13  0:12  Probe (Chrono Boost)  
  14  0:21  Pylon  
  14  0:24  Probe (Chrono Boost)  
  15  0:39  Probe (Chrono Boost)  
  15  0:41  Gateway  
  16  0:50  Probe (Chrono Boost)  
  17  1:00  Probe (Chrono Boost)  
  17  1:01  Assimilator  
  19  1:11  Probe (Chrono Boost)  
  19  1:24  Nexus  
  19  1:34  Pylon  
  19  1:43  Forge, Probe (Chrono Boost)  
  20  1:54  Cybernetics Core  
  20  1:59  Probe (Chrono Boost)  
  21  2:18  Photon Cannon  
  21  2:19  Photon Cannon  
  21  2:28  Photon Cannon  
  21  2:36  Stalker  
  23  2:38  Probe (Chrono Boost)  
  23  2:42  Probe (Chrono Boost)  
  23  2:43  Warp Gate  
  25  2:59  Probe (Chrono Boost)  
  25  3:02  Probe (Chrono Boost)  
  25  3:04  Assimilator  
  27  3:10  Probe (Chrono Boost)  
  28  3:15  Pylon  
  28  3:20  Probe (Chrono Boost)  
  28  3:21  Stalker  
  28  3:26  Probe (Chrono Boost)  
  32  3:35  Probe (Chrono Boost)  
  32  3:38  Probe (Chrono Boost)  
  34  3:45  Probe (Chrono Boost)  
  36  3:48  Probe (Chrono Boost)  
  35  3:56  Mothership Core (Chrono Boost)  
  35  4:00  Stalker  
  39  4:04  Gateway  
  39  4:05  Gateway  
  39  4:13  Gateway  
  39  4:14  Gateway, Probe (Chrono Boost)  
  39  4:16  Probe (Chrono Boost)  
  41  4:25  Pylon, Probe (Chrono Boost)  
  41  4:27  Probe (Chrono Boost)  
  43  4:42  Probe (Chrono Boost)  
  43  4:45  Assimilator  
  44  4:47  Assimilator  
  44  4:48  Probe (Chrono Boost)  
  45  4:53  Probe (Chrono Boost)  
  45  4:57  Stalker  
  45  4:58  Probe (Chrono Boost)  
  49  5:03  Stalker x2  
  53  5:09  Probe (Chrono Boost)  
  54  5:18  Probe (Chrono Boost)  
  54  5:19  Probe (Chrono Boost)  
Tags
 
Add a new tag
Caveats
  • Supply blocks, unpowered buildings, or Contaminate may cause inaccurate times.
  • Supply counts are checked every 10 seconds.